 Dungeon Crawl Stone Soup version 0.26.0-18-gc5c842f807 (console) character file.

Game seed: 4230099189318018652

3400 om the Nimble (level 10, 0/70 HPs)
             Began as a Merfolk Ice Elementalist on Jan 22, 2021.
             Was a Believer of Vehumet.
             Slain by an ice beast (11 damage)
             ... on level 7 of the Dungeon.
             The game lasted 00:29:05 (12972 turns).

om the Nimble (Merfolk Ice Elementalist)           Turns: 12972, Time: 00:29:05

Health: 0/70       AC:  3    Str: 11      XL:     10   Next: 4%
Magic:  18/18      EV: 15    Int: 16      God:    Vehumet [**....]
Gold:   447        SH:  0    Dex:  9 (14) Spells: 12/20 levels left

rFire    + . .     SeeInvis .   k - +0 scythe
rCold    . . .     Faith    .   (shield currently unavailable)
rNeg     . . .     Spirit   .   m - +0 leather armour {rF+}
rPois    .         Reflect  .   (no helmet)
rElec    .         Harm     .   (no cloak)
rCorr    .         Rampage  .   (no gloves)
Will     .....                  (no boots)
Stlth    ++........             u - amulet of magic regeneration
HPRegen  0.21/turn              (no ring)
MPRegen  0.41/turn              (no ring)

@: frozen ramparts
A: change form in water, swift swim, stealthy swim
a: Renounce Religion


You were on level 7 of the Dungeon.
You worshipped Vehumet.
Vehumet was pleased with you.
You visited 2 branches of the dungeon, and saw 8 of its levels.

You collected 447 gold pieces.

Inventory:

Hand Weapons
 f - a +0 spear
 k - a +0 scythe (weapon)
 o - a +0 trident
Armour
 m - a +0 leather armour of fire resistance (worn)
Jewellery
 a - an uncursed amulet of the acrobat
 u - an amulet of magic regeneration (around neck)
Wands
 i - a wand of paralysis (7)
 w - a wand of disintegration (8)
 x - a wand of random effects (12)
Scrolls
 e - 2 scrolls of fear
 g - 2 scrolls of immolation
 h - 3 scrolls of blinking
 j - 2 scrolls of fog
 l - a scroll of amnesia
 q - 2 scrolls of teleportation
 s - a scroll of acquirement {unknown}
 v - a scroll of holy word {unknown}
 y - a scroll of remove curse
Potions
 b - 2 potions of might {unknown}
 c - a potion of flight
 d - 3 potions of curing
 n - a potion of magic
 p - a potion of haste
 r - 2 potions of brilliance
 t - a potion of heal wounds


   Skills:
 - Level 3.0 Fighting
 + Level 6.6 Polearms
 - Level 4.0 Armour
 + Level 9.1 Dodging
 - Level 3.0 Stealth
 * Level 5.6 Spellcasting
 * Level 3.2 Conjurations
 * Level 7.7 Ice Magic


You had 12 spell levels left.
You knew the following spells:

 Your Spells              Type           Power        Failure   Level
a - Freeze                Ice            100%         1%          1
b - Frozen Ramparts       Ice            58%          2%          3
c - Ozocubu's Armour      Ice            29%          2%          3
d - Magic Dart            Conj           60%          4%          1

Your spell library contained the following spells:

 Spells                   Type           Power        Failure   Level
 Shock                    Conj/Air       36%          10%         1
 Hailstorm                Conj/Ice       22%          19%         4
 Blink                    Tloc           N/A          28%         2
 Call Imp                 Summ           4%           28%         2
 Slow                     Hex            4%           28%         2
 Conjure Flame            Conj/Fire      9%           28%         3
 Mephitic Cloud           Conj/Pois/Air  7%           34%         3
 Summon Ice Beast         Ice/Summ       16%          36%         4


Dungeon Overview and Level Annotations

Branches:
Dungeon (7/15)             Temple (1/1) D:5

Altars:
Ashenzari
Cheibriados
Dithmenos
Elyvilon
Gozag
Hepliaklqana
Kikubaaqudgha
Makhleb
Nemelex Xobeh
Okawaru
Qazlal
Ru
Sif Muna
Trog
Uskayaw
Vehumet
Wu Jian
Xom
Yredelemnul
Zin
The Shining One
Beogh


Message History

You feel your power returning.
You feel much better.
The ice beast completely resists.
The wall freezes the ice beast but does no damage.
The ice beast hits you. The ice beast freezes you!
The wall freezes the iguana.
The iguana seems to slow down.
The iguana closely misses you.
You completely miss the ice beast.
The ice beast is moderately wounded.
The ice beast completely resists.
The wall freezes the ice beast but does no damage.
The ice beast hits you. The ice beast freezes you!
* * * LOW HITPOINT WARNING * * *
The wall freezes the iguana!
You kill the iguana!
Vehumet accepts your kill.
The ice beast completely resists.
The wall freezes the ice beast but does no damage.
The ice beast hits you.
* * * LOW HITPOINT WARNING * * *
The ice beast freezes you!
You die...

### #.# #.#### #..... #.####
#.#... #.#.## #.#.##
########################.#.#.
...........Y@..#........^#.#.
...........†##...#########.#
###########'###..# #.#
#........# #.#
#........#########.#
#..................#
########..#####..##########
.........#.###.#.......
.#####.#.#.#.#.#.#####
#...##.#(#.##..#
#..)###(#)###..###


You could see an ice beast.

Vanquished Creatures
  Sigmund (D:5)
  4 yaks (D:7)
  Eustachio (D:5)
  5 orc warriors
  3 ogres
  2 centaurs
  A big kobold (D:7)
  3 bullfrogs (D:7)
  A water moccasin zombie (D:6)
  A scorpion (D:7)
  5 wights (D:6)
  2 quasits
  A bullfrog skeleton (D:5)
  A jelly (D:7)
  3 orc priests
  3 hounds
  A gnoll shaman (D:4)
  4 orc wizards
  3 iguanas
  9 worker ants
  A killer bee zombie (D:7)
  11 gnolls
  A worker ant zombie (D:7)
  9 adders
  2 worms
  3 dart slugs
  8 leopard geckos
  34 orcs
  3 giant cockroaches
  7 goblins
  6 hobgoblins
  6 jackals
  A quokka (D:4)
  A ball python (D:1)
  7 bats
  5 frilled lizards
  5 kobolds
  A quokka skeleton (D:5)
  8 rats
173 creatures vanquished.

Notes
Turn   | Place    | Note
-------+----------+-------------------------------------------
     0 | D:1      | om the Merfolk Ice Elementalist began the quest for the
                  | Orb.
     0 | D:1      | Reached XP level 1. HP: 13/13 MP: 3/3
   591 | D:1      | Reached skill level 3 in Dodging
   635 | D:1      | Reached XP level 2. HP: 15/19 MP: 0/5
  1362 | D:1      | Reached XP level 3. HP: 24/25 MP: 4/6
  1495 | D:1      | Learned a level 3 spell: Frozen Ramparts
  2474 | D:2      | Reached XP level 4. HP: 30/31 MP: 3/7
  2528 | D:2      | Reached skill level 1 in Fighting
  2528 | D:2      | Reached skill level 5 in Ice Magic
  2843 | D:2      | Reached skill level 1 in Polearms
  2843 | D:2      | Reached skill level 4 in Dodging
  3753 | D:3      | Reached XP level 5. HP: 28/37 MP: 4/8
  4648 | D:4      | Reached XP level 6. HP: 19/43 MP: 1/10
  4732 | D:4      | Learned a level 3 spell: Ozocubu's Armour
  4826 | D:4      | Found a sparkling altar of Nemelex Xobeh.
  4827 | D:4      | Found a snail-covered altar of Cheibriados.
  4827 | D:4      | Found a hazy altar of Hepliaklqana.
  4903 | D:4      | Found an opulent altar of Gozag.
  4903 | D:4      | Found a burning altar of Makhleb.
  4906 | D:4      | Found a shadowy altar of Dithmenos.
  5798 | D:4      | Reached skill level 5 in Dodging
  5946 | D:4      | Reached XP level 7. HP: 14/50 MP: 1/12
  6457 | D:5      | Entered Level 5 of the Dungeon
  6780 | D:5      | Found a staircase to the Ecumenical Temple.
  7072 | Temple   | Entered the Ecumenical Temple
  7234 | D:5      | Reached skill level 1 in Armour
  7353 | D:5      | Noticed Eustachio
  7373 | D:5      | Killed Eustachio
  7374 | D:5      | Reached skill level 6 in Dodging
  7606 | D:5      | Reached XP level 8. HP: 23/58 MP: 4/14
  8582 | D:5      | Found a runed translucent door.
  8585 | D:5      | Noticed Sigmund
  8620 | D:5      | Found a radiant altar of Vehumet.
  8655 | D:5      | Became a worshipper of Vehumet
  8696 | D:5      | Reached skill level 7 in Dodging
  8699 | D:5      | Reached skill level 5 in Polearms
  8946 | D:5      | Killed Sigmund
  8947 | D:5      | Reached skill level 8 in Dodging
  9002 | D:5      | Reached * piety under Vehumet
  9002 | D:5      | Offered knowledge of Magic Dart by Vehumet.
  9009 | D:5      | Learned a level 1 spell: Magic Dart
  9139 | D:5      | Reached XP level 9. HP: 9/63 MP: 9/15
  9599 | D:5      | Found a roughly hewn altar of Beogh.
  9834 | D:6      | Found a hide-covered altar of Uskayaw.
  9879 | D:6      | Reached skill level 1 in Conjurations
 10121 | D:6      | Found a sacrificial altar of Ru.
 11931 | D:7      | Found a shimmering altar of Xom.
 12083 | D:7      | Reached skill level 5 in Spellcasting
 12086 | D:7      | Offered knowledge of Shock by Vehumet.
 12088 | D:7      | Reached ** piety under Vehumet
 12089 | D:7      | Reached skill level 9 in Dodging
 12094 | D:7      | Reached XP level 10. HP: 25/70 MP: 18/18
 12972 | D:7      | Slain by an ice beast

Illustrated notes

Levels and vault maps discovered:
D:1:      matt_arrival_refuge, layout_basic, minmay_unequal
D:2:      layout_loops_cross
D:3:      layout_loops_ring
D:4:      minmay_diamond_boxcup, layout_loops_cross, grunt_temple_overflow_open
D:5:      kb_forest_paths, layout_basic, kennysheep_mini,
          minmay_temple_entry_stoned_glass, lightli_church_of_beogh,
          uniq_eustachio, uniq_sigmund
D:6:      layout_gridville, hangedman_feature_mirror
D:7:      layout_basic, old_standard_altar, gammafunk_ghost_grave,
          minmay_door_square, minmay_circle_x
Temple:   cyrus_circular_temple

Skill      XL: |  1  2  3  4  5  6  7  8  9 |
---------------+----------------------------+-----
Dodging        | 3 4 5 6 8 9 |  9.1
Fighting       | 1 2 3 |  3.0
Ice Magic      | 5 6 7 |  7.7
Polearms       | 1 2 3 5 6 |  6.6
Stealth        | 3 |  3.0
Spellcasting   | 3 4 5 |  5.6
Armour         | 2 4 |  4.0
Conjurations   | 3 |  3.2

Action                   |  1- 3 |  4- 6 |  7- 9 | 10-12 || total
-------------------------+-------+-------+-------+-------++-------
Melee: Unarmed           |     9 |       |       |       ||     9
       Dagger            |    24 |       |       |       ||    24
       Club              |     1 |       |       |       ||     1
       Spear             |    30 |   100 |   140 |       ||   270
       Trident           |       |       |    90 |       ||    90
       Scythe            |       |       |    35 |    47 ||    82
 Cast: Freeze            |    39 |    28 |    45 |       ||   112
       Frozen Ramparts   |     2 |    12 |    29 |     3 ||    46
       Ozocubu's Armour  |       |       |     9 |     1 ||    10
       Magic Dart        |       |       |     2 |     8 ||    10
Evoke: Wand              |       |       |     3 |       ||     3
  Use: Scroll            |       |    11 |     6 |       ||    17
       Potion            |       |     1 |     3 |     1 ||     5
 Stab: Sleeping          |     3 |     3 |     7 |       ||    13
       Distracted        |       |     1 |       |       ||     1
Armor: Robe              |    17 |     4 |       |       ||    21
       Leather armour    |       |    12 |    43 |    38 ||    93
       Skin              |       |       |     4 |       ||     4
Dodge: Dodged            |    74 |    66 |   201 |   151 ||   492
